KETCHUP MANIA, lawful female dwarven Valkyrie -------- |......| # --------- |......-###### ....... |......| # --------.....------------ |<...... # |...|!%|.....|..|(((|...| -----.-- # |...|%%|.....|..|(((|...| # |...|..|.....-..|...|...| | ## |...||--.....-----|---%--.| ##| -- --|---....@................| ##+.............{G.....{G...@Y....| ----------.- #| -+---|---....--|---...........| |..........| # |...|---.|....|.----|----.- |>.........| # # |...|..|.|.%..|.|..|....| | |...........########### |...|..|.|.(_.|.-..|....| ------------ # |...|..-.|....|.|..|....| + ------------.------.--------- | |...............................| --------------------------------- KETCHUP MANIA the Fighter Experience level: 6 Strength: 25 Dexterity: 16 Constitution: 15 Intelligence: 7 Wisdom: 9 Charisma: 9 Health: 0(55) Energy: 3(3) AC: 0 Gold: 439 Moves: 2215 Your Inventory: Coins $ - 439 gold pieces Amulets v - an uncursed square amulet [of life saving] Weapons a - an uncursed +1 long sword (weapon in hand) b - an uncursed +0 dagger Armor c - an uncursed +3 small shield (being worn) x - an uncursed +0 bronze plate mail of power (being worn) Comestibles d - an uncursed food ration l - 2 [uncursed] eucalyptus leaves B - 2 [uncursed] ape corpses Scrolls f - an uncursed scroll labeled ABRA KA DABRA [of identify] i - 2 cursed scrolls labeled LOREN IPSUM [of teleportation] j - a blessed scroll labeled PHOL ENDE WODAN [of light] o - an uncursed scroll labeled ANDOVA BEGARIN [of genocide] s - an uncursed scroll labeled MAPIRO MAHAMA DIROMAT [of taming] Spellbooks e - an uncursed tattered spellbook [of detect food] g - an uncursed violet spellbook [of sleep] Potions h - an uncursed bubbly potion [of speed] Rings t - an uncursed agate ring [of cold resistance] Tools q - an uncursed [magic] lamp u - an uncursed key [skeleton key] Gems k - an [uncursed] black gem [obsidian] m - an [uncursed] white gem [worthless glass] n - an [uncursed] green gem [worthless glass] r - an [uncursed] yellowish brown gem [worthless glass] w - an [uncursed] orange gem [agate] z - an [uncursed] orange gem [worthless glass] Spells known in the end: Name Level Category Fail Memory Your skills at the end: Fighting Skills Weapon Skills dagger [Basic / Expert] long sword [Basic / Expert] Spellcasting Skills Final Attributes: You were piously aligned. Hunger level was 218. Your alignment was 20 / 21. Monster difficulty range was 1 - 6. Level difficulty was 6. You were immune to cold. You had infravision. You were stealthy. Your luck was zero. You are dead. Vanquished creatures: 3 apes 2 enormous rats 3 gnome lords a gnomish wizard a little dog 2 dwarves a kobold lord 2 rothes a rabid rat a werejackal 2 iguanas a coyote a gas spore 2 hobbits a manes a large kobold a cave spider 22 gnomes a gecko a jackal 2 kobolds 2 goblins a sewer rat 5 grid bugs 2 lichens 5 newts 67 creatures vanquished. Voluntary challenges: You were illiterate. You used a wielded weapon 47 times. You put on armor 2 times. You never genocided any monsters. You never polymorphed an object. You never changed form. You used no wishes. You never wrote Elbereth's name. You never encountered a bones level. You never used any Sokoban shortcuts. Dungeon overview: The Dungeons of Doom: levels 1 to 3 Level 1 a long staircase Level 2 stairs to The Gnomish Mines The Gnomish Mines: levels 3 to 6 Level 3 stairs to The Dungeons of Doom Level 6 <- You were here some shops, a temple to Tyr, a magic chest, some fountains History has recorded: On T:1 you entered the Dungeons of Doom to retrieve the Amulet of Yendor! On T:274 you reached level 2 of The Dungeons of Doom. On T:578 you reached level 3 of The Dungeons of Doom. On T:579 you advanced to experience level 2. On T:645 you reached level 1 of The Gnomish Mines. On T:722 you advanced to experience level 3. On T:756 you reached level 3 of The Gnomish Mines. On T:779 you reached level 2 of The Gnomish Mines. On T:976 you advanced to experience level 4. On T:1004 you advanced to experience level 5. On T:1643 you advanced to experience level 6. On T:1818 you reached level 4 of The Gnomish Mines. Latest messages: The ape bites! The ape hits! The ape misses. (2x) [HP-21=33] [6 turns] You cannot fight while so heavily loaded. The ape hits! (2x) The ape misses. (2x) The ape hits! The ape bites! The ape hits! The ape misses. (2x) The ape hits! The ape misses. The ape bites! The ape hits! The ape misses. (2x) The ape hits! (2x) The ape bites! [HP-26=7] [6 turns] You don't have enough stamina to move. The ape hits! The ape misses. The ape bites! The ape hits! You die... Final status: Farvel KETCHUP MANIA the Valkyrie... You died in The Gnomish Mines on dungeon level 6 with 2074 points, and 439 pieces of gold, after 2215 moves. You were level 6 with a maximum of 55 hit points when you died.